 Dungeon Crawl Stone Soup version 0.24-a0-251-g44e327ef01 (webtiles) character file.

Game seed: 4617367717533652114

22 MrRokkomies the Firebug (level 2, -5/15 HPs)
             Began as a Deep Elf Fire Elementalist on Apr 17, 2019.
             Was an Initiate of Vehumet.
             Engulfed by a cloud of flame (13 damage)
             ... on level 2 of the Dungeon.
             The game lasted 00:02:48 (1201 turns).

MrRokkomies the Firebug (DEFE)                      Turns: 1201, Time: 00:02:48

Health: -5/15      AC:  3    Str:  5    XL:     2   Next: 68%
Magic:  7/8        EV: 13    Int: 19    God:    Vehumet [......]
Gold:   61         SH:  0    Dex: 15    Spells: 6/7 levels left

rFire    . . .     SeeInvis .   l - +0 quarterstaff
rCold    . . .     Gourm    .   (shield currently unavailable)
rNeg     . . .     Faith    .   a - +1 robe
rPois    .         Spirit   .   (no helmet)
rElec    .         Reflect  .   (no cloak)
rCorr    .         Harm     .   (no gloves)
MR       .....                  (no boots)
Stlth    ++........             (no amulet)
HPRegen  0.05/turn              (no ring)
MPRegen  0.11/turn              (no ring)

@: no status effects
A: no striking features
a: Renounce Religion


You were on level 2 of the Dungeon.
You worshipped Vehumet.
Vehumet was noncommittal.
You were hungry.

You visited 1 branch of the dungeon, and saw 2 of its levels.

You collected 61 gold pieces.

Inventory:

Hand Weapons
 l - a +0 quarterstaff (weapon)
Missiles
 d - 15 poisoned needles
Armour
 a - a +1 robe (worn)
Jewellery
 f - an uncursed ring of fire {unknown}
Scrolls
 e - a scroll of remove curse {unknown}
Potions
 b - 2 potions of might {unknown}
 g - a potion of cancellation {unknown}
 h - a potion of flight {unknown}
 j - 2 potions of lignification {unknown}
 k - a potion of degeneration {unknown}
Comestibles
 c - 8 rations


   Skills:
 - Level 2.4 Dodging
 - Level 2.4 Stealth
 + Level 3.3 Spellcasting
 * Level 2.0 Conjurations
 * Level 3.8 Fire Magic


You had 6 spell levels left.
You knew the following spells:

 Your Spells              Type           Power        Failure   Level  Hunger
a - Flame Tongue          Conj/Fire      ##...        4%          1    None

Your spell library contained the following spells:

 Spells                   Type           Power        Failure   Level  Hunger
 Throw Flame              Conj/Fire      ##....       7%          2    ##.....
 Conjure Flame            Conj/Fire      ##......     13%         3    ###....
 Inner Flame              Hex/Fire       ##......     21%         3    ###....
 Sticky Flame             Conj/Fire      ##......     41%         4    ####...
 Fireball                 Conj/Fire      ##........   77%         5    ######.


Dungeon Overview and Level Annotations

Branches:
Dungeon (2/15)

Altars:
Vehumet


Message History

Really walk into a travel-excluded area?
A goblin comes into view. It is wielding a +0 club.
The goblin shouts!
Found 9 gold pieces.
There is a radiant altar of Vehumet here.
You kneel at the altar of Vehumet.
Vehumet welcomes you!
You miss the goblin. The goblin closely misses you.
You barely miss the goblin. The goblin hits you with a +0 club.
Casting: Flame Tongue (safe; 4% risk of failure)
Confirm with . or Enter, or press ? or * to list all spells.
Aiming: Flame Tongue (safe; 4% risk of failure)
Press: ? - help, Shift-Dir - straight line, f - goblin
Aim: a goblin, wielding a +0 club The flame tongue hits the goblin.
You kill the goblin!
Vehumet accepts your kill.
You are engulfed in blazing flames.
Ouch! That really hurt!
You die...

..# ..# .. #####.# .
.....######## .
#.#.##.....# .### #
#....#.....#####...#
..##..S...............#.
#.............☼.@°°.....
####....#......○_)....$.
.......##.###..°.☼..#...
##.#.####.# #...☼...# .
##.#.####.# ####.##.#
..........# #....#
##.#.##############.#
#.#.##.......#
#......#####.#####.#


There were no monsters in sight!

Vanquished Creatures
  A worm (D:2)
  2 bats (D:1)
  A giant cockroach (D:2)
  3 goblins
  4 hobgoblins
  2 frilled lizards
  A kobold (D:2)
  3 rats (D:2)
17 creatures vanquished.

Notes
Turn   | Place    | Note
-------+----------+-------------------------------------------
     0 | D:1      | MrRokkomies the Deep Elf Fire Elementalist began the quest
                  | for the Orb.
     0 | D:1      | Reached XP level 1. HP: 10/10 MP: 6/6
   583 | D:1      | Reached XP level 2. HP: 9/15 MP: 5/8
  1172 | D:2      | Found a radiant altar of Vehumet.
  1195 | D:2      | Became a worshipper of Vehumet
  1201 | D:2      | Engulfed by a cloud of flame

Levels and vault maps discovered:
D:1:      dpeg_arrival_solitude, layout_loops_ring, st_stairs_7
D:2:      layout_loops_cross, fiery_altar_vehumet,
          grunt_temple_overflow_diamond, first_ration, minmay_pentomino_p4

Skill      XL: |  1  2 |
---------------+-------+-----
Conjurations   | 2 |  2.0
Dodging        | |  2.4
Stealth        | |  2.4
Spellcasting   | |  3.3
Fire Magic     | |  3.8

Action                   || total
-------------------------++-------
Melee: Mace              ||     5
       Quarterstaff      ||    17
 Cast: Flame Tongue      ||    25
  Use: Scroll            ||     2
Armor: Robe              ||     7
Dodge: Dodged            ||    24

Table legend:
 A = Non-vault XP
 B = Vault XP
 C = Vault XP percentage of total XP
 D = Non-vault monster count
 E = Vault monster count
 F = Vault count percentage of total count
                 A         B        C        D         E       F
            +---------+---------+-------+---------+---------+-------
      Total |      24 |       8 |  25.0 |      11 |       6 |  35.3
            +---------+---------+-------+---------+---------+-------
        D:1 |      10 |       3 |  23.1 |       5 |       2 |  28.6
        D:2 |      14 |       5 |  26.3 |       6 |       4 |  40.0
            +---------+---------+-------+---------+---------+-------
